[Event "*** Titled Tuesday Blitz"]
[Site "Chess.com"]
[Date "2020.04.07"]
[Round "9"]
[White "Supelyel"]
[Black "aquiles88"]
[Result "0-1"]
[WhiteElo "2315"]
[BlackElo "2229"]
[TimeControl "180+1"]
[EndTime "14:46:57 PDT"]
[Termination "aquiles88 won by resignation"]

1. c4 e5 2. Nc3 Nf6 3. Nf3 Nc6 4. g3 d5 5. cxd5 Nxd5 6. Bg2 Nb6 7. O-O Be7 8. a3 a5 9. Na4 Nxa4 10. Qxa4 O-O 11. d3 Be6 12. Be3 Qd7 13. Rfc1 Bh3 14. Bh1 Nd4 15.
Qd1 Nxf3+ 16. Bxf3 c6 17. Bc5 Bxc5 18. Rxc5 f6 19.
Rb1 a4 20. Rc4 Be6 21. Rxa4 Rxa4 22. Qxa4 Rd8 23. Rc1 Bd5 24. Bxd5+ Qxd5 25. Qc4 Kf7 26. Qxd5+ Rxd5 27. Kf1 Rb5 28. b4 Rd5 29. Rc4 Ke7 30. Ke1 Rd8 31. Kd2 Ra8 32. Rc3 Kd6 33. Kc2 b5 34.
Kb3 Re8 35. e4 h5 36. h3 h4 37. g4 Ra8 38. f3 Ra7 39. Rc2 Ra8 40. Kc3 Rxa3+ 41.
Kd2 Rb3 42. Ra2 Rxb4 43. Ra7 g5 44. Rf7 Ke6 45. Rf8 Rb2+ 46. Ke3 Rh2 47. Rc8 Kd7 48. Rf8 Ke7 49. Rc8 Rxh3 50. Rxc6 Rh1 51. Rb6 Rb1 52.
Rb7+ Ke6 53. Rb6+ Kf7 54. d4 Rb3+ 55. Ke2 exd4 56. Rd6 d3+ 57. Kf2 Rb2+ 58. Ke3 d2 0-1

[Event "*** Titled Tuesday Blitz"]
[Site "Chess.com"]
[Date "2020.04.07"]
[Round "9"]
[White "poliplaza"]
[Black "GameOverBro"]
[Result "0-1"]
[WhiteElo "2369"]
[BlackElo "2500"]
[TimeControl "180+1"]
[EndTime "14:46:58 PDT"]
[Termination "GameOverBro won on time"]

1. d4 d6 2. c4 Nf6 3. Nc3 Nbd7 4.
Nf3 e5 5. e3 Be7 6. Be2 c6 7. O-O Qc7 8. b4 O-O 9. a4 e4 10. Nd2 d5 11. b5 a6 12. bxc6 bxc6 13. Ba3 Bxa3 14. Rxa3 Qd6 15. c5 Qc7 16. a5 Ne8 17.
Na4 Qd8 18. Nb6 Ra7 19. Qa4 Nb8 20. Rb3 Rb7 21. Rfb1 Nc7 22. R1b2 Nb5 23. Nb1 f5 24. Nc3 f4 25. exf4 Rxf4 26. Nxc8 Qxc8 27. Bxb5 axb5 28. Qa1 Na6 29. Qc1 Rbf7 30. Nd1 Qg4 31. Ne3 Qg5 32.
g3 Rf3 33. Kg2 h5 34. Qd1 h4 35. Nf1 Qh5 36. Rxf3 exf3+ 37. Kg1 hxg3 38. fxg3 f2+ 0-1

[Event "*** Titled Tuesday Blitz"]
[Site "Chess.com"]
[Date "2020.04.07"]
[Round "9"]
[White "PauloCesarCosta_sad"]
[Black "Maili15"]
[Result "0-1"]
[WhiteElo "2079"]
[BlackElo "2266"]
[TimeControl "180+1"]
[EndTime "14:46:59 PDT"]
[Termination "Maili15 won on time"]

1. Nf3 d5 2. d4 Nf6 3. c4 e6 4. Nc3 Be7 5. Bg5 O-O 6. e3 Nbd7 7. Rc1 a6 8. cxd5 exd5 9. Bd3 c5 10. O-O b6 11.
Bf5 Bb7 12. Na4 c4 13. Bxd7 Nxd7 14. Bxe7 Qxe7 15. Nc3 b5 16. a3 Bc6 17. Qc2 a5 18.
Qf5 Qe6 19. Qh5 b4 20. axb4 axb4 21. Ne2 Nf6 22. Qe5 Ra2 23. Rb1 Ba4 24. Nf4 Qd7 25.
Rfc1 Re8 26. Qg5 h6 27. Qg3 Ne4 28. Qh3 Qxh3 29. Nxh3 c3 30. bxc3 bxc3 31. Ra1 Rxa1 32. Rxa1 c2 33. Nf4 Rb8 34. Rc1 Nc3 0-1

[Event "*** Titled Tuesday Blitz"]
[Site "Chess.com"]
[Date "2020.04.07"]
[Round "9"]
[White "vizumatv4hoda"]
[Black "champ2005"]
[Result "1/2-1/2"]
[WhiteElo "2759"]
[BlackElo "2976"]
[TimeControl "180+1"]
[EndTime "14:47:01 PDT"]
[Termination "Game drawn by repetition"]

1. e4 Nf6 2. Nc3 d5 3. e5 d4 4. exf6 dxc3 5. fxg7 cxd2+ 6. Qxd2 Qxd2+ 7. Bxd2 Bxg7 8.
O-O-O Nc6 9. Nf3 Bg4 10. Bb5 O-O-O 11. Bxc6 bxc6 12. Bc3 Bxc3 13. bxc3 Rxd1+ 14. Rxd1 Bxf3 15. gxf3 Rg8 16. Kd2 Rg2 17. Ke2 Rxh2 18. Rg1 Kd7 19. Rg8 Rh5 20. a4 f6 21. Kd3 Ra5 22. Rh8 h5 23. Ke3 Ke6 24. f4 Kd6 25. Rd8+ Ke6 26.
Rh8 Kd7 27. Rh7 Kd6 28. Rh8 Rxa4 29. Rxh5 Ra1 30. Kd4 a5 31. Rh8 Kd7 32. Ra8 a4 33.
c4 a3 34. Kc5 a2 35. c3 Rc1 36. Rxa2 Rxc3 37. Rd2+ Kc8 38. Re2 Kd7 39. Rd2+ Ke6 40. Re2+ Kd7 41. Rd2+ 1/2-1/2

[Event "*** Titled Tuesday Blitz"]
[Site "Chess.com"]
[Date "2020.04.07"]
[Round "9"]
[White "Lagmantr"]
[Black "GadimbayliA"]
[Result "1-0"]
[WhiteElo "2754"]
[BlackElo "2905"]
[TimeControl "180+1"]
[EndTime "14:47:03 PDT"]
[Termination "Lagmantr won by resignation"]

1. e4 e5 2. Nf3 d5 3. exd5 e4 4. Qe2 Nf6 5. d3 Bb4+ 6. c3 O-O 7.
dxe4 Bd6 8. Qc2 Nxe4 9. Bd3 Bf5 10. Be3 Re8 11. Nbd2 Nxd2 12. Nxd2 Bxd3 13. Qxd3 Nd7 14.
O-O-O Ne5 15. Qf5 g6 16. Qh3 Nd3+ 17. Kc2 Nf4 18. Qf3 Qf6 19. Bxf4 Bxf4 20. g3 Qf5+ 21. Kb3 a5 22. a4 b5 23. Qxf4 bxa4+ 24. Ka2 Qc2 25.
Rc1 Qd3 26. Rhd1 Rab8 27. Qxa4 Re2 28. Nb3 Qf3 29. Rd2 Re4 30. Nd4 Qf6 31. Rcd1 Qb6 32. Qc6 Qa7 33. d6 cxd6 34. Qxe4 Qb6 35. Qc6 Qa7 36. Nb5 Qe7 37. Qxd6 Qe8 38. Qxb8 Qxb8 39. Rd8+ 1-0

[Event "*** Titled Tuesday Blitz"]
[Site "Chess.com"]
[Date "2020.04.07"]
[Round "9"]
[White "praveenb2002"]
[Black "Vaathi_Coming"]
[Result "1/2-1/2"]
[WhiteElo "2654"]
[BlackElo "2841"]
[TimeControl "180+1"]
[EndTime "14:47:03 PDT"]
[Termination "Game drawn - insufficient material"]

1. d4 d5 2. c4 e6 3. Nf3 Nf6 4.
Nc3 c6 5. e3 Nbd7 6. Bd3 dxc4 7.
Bxc4 b5 8. Bd3 a6 9. Qc2 c5 10. a4 b4 11. Ne2 Bb7 12. Ng3 Bxf3 13. gxf3 cxd4 14. exd4 Bd6 15. O-O O-O 16. Be3 Rc8 17. Qe2 a5 18. Rac1 Rxc1 19. Rxc1 Nd5 20. Bd2 Bf4 21.
Bxf4 Nxf4 22. Qe4 Nxd3 23. Qxd3 Ne5 24. Qe3 Qxd4 25. f4 Qxe3 26. fxe3 Nd3 27. Rc2 Rb8 28.
Ne4 f5 29. Nd2 b3 30. Rc3 Nxb2 31. Rxb3 Rxb3 32. Nxb3 Nxa4 33. Nxa5 Nb2 34. Nc6 Nd1 35. Nd8 Nxe3 36. Nxe6 Nd5 37. Kf2 Kf7 38. Nd4 Kf6 39. Kf3 g6 40. Ne2 Nc7 41. Nd4 Ne6 42. Nc6 Kf7 43. Ne5+ Ke7 44. Nc4 Nd4+ 45. Ke3 Nc6 46. Kf3 Ke6 47. Nb6 Na5 48. Ke3 Kd6 49. Kd4 Nb3+ 50.
Kc3 Nc5 51. Kd4 Ne6+ 52. Ke3 Nd8 53. Nc4+ Kd5 54. Nb6+ Kc6 55. Nc4 Kc5 56. Ne5 Kd5 57. Nd7 Ne6 58. Nf6+ Kd6 59. Nxh7 Ke7 60. h4 Kd6 61.
Ng5 Nxg5 62. fxg5 Ke5 63. Kf3 f4 64. h5 gxh5 65. g6 Kf6 66. Kxf4 Kg7 67. Kg3 h4+ 68. Kxh4 Kxg6 1/2-1/2

[Event "*** Titled Tuesday Blitz"]
[Site "Chess.com"]
[Date "2020.04.07"]
[Round "9"]
[White "ChessQueen"]
[Black "Mr_Sinigami"]
[Result "1-0"]
[WhiteElo "2780"]
[BlackElo "2618"]
[TimeControl "180+1"]
[EndTime "14:47:03 PDT"]
[Termination "ChessQueen won on time"]

1. e4 d5 2. exd5 Qxd5 3. Nc3 Qd6 4. d4 Nf6 5. Nf3 a6 6. d5 b5 7. Qd4 c5 8. dxc6 Qxd4 9. Nxd4 e5 10. c7 exd4 11.
cxb8=Q Rxb8 12. Ne2 Bb4+ 13. Bd2 Bxd2+ 14. Kxd2 Ne4+ 15. Ke1 O-O 16. Rd1 Bf5 17. Rxd4 Rbc8 18. f3 Nc5 19. Rd2 Rfe8 20. Kd1 b4 21. Nd4 Bg6 22. b3 Red8 23. Bc4 a5 24. Re1 a4 25. Nc6 Rxd2+ 26. Kxd2 Kf8 27. Nxb4 axb3 28. axb3 h5 29. h4 Rd8+ 30. Kc3 Rc8 31. Nd5 Ne6 32. Re5 Rc6 33. g3 f6 34. Re1 Bf7 35. Ra1 Rc8 36.
Ra7 1-0

[Event "*** Titled Tuesday Blitz"]
[Site "Chess.com"]
[Date "2020.04.07"]
[Round "9"]
[White "stasiek18"]
[Black "Haykos"]
[Result "0-1"]
[WhiteElo "2404"]
[BlackElo "2585"]
[TimeControl "180+1"]
[EndTime "14:47:04 PDT"]
[Termination "Haykos won on time"]

1. d4 d5 2. Bf4 Nf6 3. e3 c5 4.
Nf3 Nc6 5. Nbd2 cxd4 6. exd4 Bf5 7. c3 e6 8. Bb5 Nd7 9. O-O Be7 10. Re1 O-O 11.
Nf1 a6 12. Bxc6 bxc6 13. Qa4 c5 14. Ne5 cxd4 15. Nc6 Qe8 16. Nxe7+ Qxe7 17. Qxd4 Qc5 18.
Rad1 a5 19. Qd2 a4 20. Ng3 Bg6 21. h4 h5 22. Qe2 Nf6 23. Be5 Ng4 24. Bd4 Qc4 25.
Qd2 Kh7 26. f3 Nh6 27. Re5 Nf5 28. Nxf5 Bxf5 29. Qg5 Bg6 30. Re3 f6 31. Qg3 e5 32. Bb6 Rfb8 33. Bc7 Qxc7 34. Rxd5 Rd8 35. Rxd8 Rxd8 36. Kh2 Qb6 37. Re2 Rd1 38. Rf2 Qe3 39. f4 exf4 0-1

[Event "*** Titled Tuesday Blitz"]
[Site "Chess.com"]
[Date "2020.04.07"]
[Round "9"]
[White "TigrVShlyape"]
[Black "Elshan1985"]
[Result "1/2-1/2"]
[WhiteElo "2847"]
[BlackElo "2714"]
[TimeControl "180+1"]
[EndTime "14:47:05 PDT"]
[Termination "Game drawn by repetition"]

1. d4 e6 2. Nf3 b6 3. Bf4 Bb7 4. e3 d6 5. h3 Nd7 6. Nbd2 Ngf6 7. a4 a6 8. Bh2 Be7 9. Bd3 O-O 10. O-O c5 11.
Re1 d5 12. c3 Re8 13. Qb1 h6 14. Ne5 Nxe5 15. dxe5 Nd7 16. Qd1 Bf8 17. Qg4 Bc6 18. Bf4 f5 19. Qg6 Qe7 20. g4 Qf7 21. gxf5 Qxg6+ 22. fxg6 Be7 23. Bg3 b5 24. axb5 axb5 25. h4 b4 26. c4 Nb6 27. b3 Red8 28. Bf1 dxc4 29. Nxc4 Nxc4 30. Bxc4 Bd5 31. Bxd5 exd5 32.
Rxa8 Rxa8 33. e4 d4 34. Kf1 Ra2 35. Rb1 Rc2 36. h5 Kf8 37. Ke1 Bg5 38. f4 Bd8 39. Ra1 Rg2 40. Ra8 Rxg3 41. Rxd8+ Ke7 42. Rc8 Rxb3 43. Rc7+ Kf8 44. Rxc5 Re3+ 45. Kf2 Rxe4 46. Kf3 Re3+ 47. Kf2 b3 48. Rb5 Re4 49. Kf3 Re3+ 50.
Kf2 Re4 51. Kf3 Re3+ 52. Kf2 1/2-1/2

[Event "*** Titled Tuesday Blitz"]
[Site "Chess.com"]
[Date "2020.04.07"]
[Round "9"]
[White "bazar-wokzal"]
[Black "Sunnika"]
[Result "0-1"]
[WhiteElo "2514"]
[BlackElo "2385"]
[TimeControl "180+1"]
[EndTime "14:47:05 PDT"]
[Termination "Sunnika won on time"]

1. e4 Nf6 2. Nc3 d5 3. e5 Nfd7 4. e6 fxe6 5. d4 c5 6. Bd3 g6 7.
dxc5 Nxc5 8. Bb5+ Nc6 9. Qd4 e5 10. Qxc5 e6 11. Bxc6+ bxc6 12. Qxc6+ Bd7 13. Qa6 Rb8 14. Nf3 Bg7 15. O-O e4 16. Ng5 Rb6 17. Qxa7 O-O 18. a4 h6 19. a5 Rb4 20. Nh3 Bd4 21. Qa6 g5 22. Qe2 Qf6 23. a6 Ba7 24. Be3 d4 25. Nxe4 Qe5 26. Bd2 Bb5 27. Qe1 Rxb2 28. Qc1 Bxf1 29. Qxb2 Bxg2 30. Nexg5 Bd5 31. Re1 Qf5 32. Bf4 hxg5 0-1

[Event "*** Titled Tuesday Blitz"]
[Site "Chess.com"]
[Date "2020.04.07"]
[Round "9"]
[White "Dare-Dare"]
[Black "GodDMuhammad"]
[Result "1/2-1/2"]
[WhiteElo "2170"]
[BlackElo "2311"]
[TimeControl "180+1"]
[EndTime "14:47:05 PDT"]
[Termination "Game drawn by agreement"]

1. Nf3 Nf6 2. c4 e6 3. Nc3 d5 4. e3 b6 5. b3 Bb7 6. Bb2 c5 7. d4 Nbd7 8. Bd3 Be7 9. O-O h6 10. Rc1 O-O 11. Na4 dxc4 12. Bxc4 a6 13. Be2 cxd4 14.
Nxd4 b5 15. Nc3 Nb6 16. Bf3 Nbd5 17. Nxd5 Nxd5 18. Nc6 Bxc6 19. Rxc6 Nb4 20. Rc1 Rc8 21. a3 Rxc1 22. Bxc1 Nd3 23. b4 Ne5 24. Be2 Qc7 25.
Bb2 Bf6 26. Qb3 Rd8 27. Rd1 Rxd1+ 28. Bxd1 Qd6 29. h3 Qd2 30. Qc2 Qxc2 31. Bxc2 Nf3+ 32. gxf3 Bxb2 33. Be4 Bxa3 34. Bb7 Bxb4 35. Bxa6 Bc5 36.
Bxb5 Kf8 37. Kg2 Ke7 38. f4 e5 39. fxe5 Ke6 40. Bc4+ Ke7 41. Kf3 Bb6 42. Ke4 g5 43.
Kf5 Ba7 44. Be2 Bc5 45. Bc4 Bb6 46. e6 fxe6+ 47. Bxe6 Ba5 48. Bc4 Be1 49. f3 Bd2 50. e4 h5 51. Kg6 h4 52. Kf5 Bf4 53. e5 Bc1 54. e6 Bf4 1/2-1/2

[Event "*** Titled Tuesday Blitz"]
[Site "Chess.com"]
[Date "2020.04.07"]
[Round "9"]
[White "Stormeman100100"]
[Black "tandaleo"]
[Result "1-0"]
[WhiteElo "2487"]
[BlackElo "2349"]
[TimeControl "180+1"]
[EndTime "14:47:06 PDT"]
[Termination "Stormeman100100 won by resignation"]

1. d4 d5 2. c4 e6 3. Nf3 c6 4.
Nc3 dxc4 5. e4 b5 6. Be2 Bb4 7. O-O Nf6 8. Qc2 O-O 9. Bg5 Qc7 10. Rad1 Nbd7 11. e5 Nd5 12. Ne4 f5 13. exf6 N7xf6 14. Ne5 Nxe4 15. Qxe4 Bd6 16. f4 c5 17. dxc5 Bxc5+ 18.
Kh1 Bb7 19. Bg4 Nxf4 20. Rxf4 Bxe4 21. Bxe6+ Kh8 22. Rxe4 h6 23. Ng6+ Kh7 24. Bf4 Rxf4 25. Nxf4 Rf8 26. g3 g5 27. Rd7+ Qxd7 28. Bxd7 gxf4 29.
gxf4 Rd8 30. Bxb5 Rd1+ 31. Kg2 Rd2+ 32. Kg3 Rxb2 33. Bxc4 Bf2+ 34. Kg4 Kg6 35. f5+ Kf6 36. Re6+ Kg7 37. f6+ Kg6 38. f7+ Kg7 39. Rg6+ Kxg6 40. f8=Q h5+ 41. Kh3 Be3 42. Qf7+ Kg5 43. Qg7+ 1-0

[Event "*** Titled Tuesday Blitz"]
[Site "Chess.com"]
[Date "2020.04.07"]
[Round "9"]
[White "Vusatiuk_Vladimir"]
[Black "Chigorinetz"]
[Result "1-0"]
[WhiteElo "2386"]
[BlackElo "2488"]
[TimeControl "180+1"]
[EndTime "14:47:07 PDT"]
[Termination "Vusatiuk_Vladimir won by checkmate"]

1. e4 c5 2. Nf3 Nc6 3. Bb5 g5 4. h3 Nf6 5. Nc3 Nd4 6. e5 g4 7.
Nxd4 cxd4 8. exf6 dxc3 9. Qxg4 Qb6 10. fxe7 Bxe7 11. a4 a6 12. dxc3 axb5 13. O-O Qg6 14. Qd4 Rg8 15. g3 d5 16. Qxd5 Bd7 17. Re1 Ra6 18.
Qxb7 Re6 19. Qb8+ Bd8 20. Bf4 bxa4 21. Red1 f5 22. Bc7 Ke7 23. Rxd7+ Kxd7 24. Rd1+ Ke7 25.
Bxd8+ Kf7 26. Rd7+ Ke8 27. Qc8 Re1+ 28. Kh2 Qe6 29. Bf6# 1-0

[Event "*** Titled Tuesday Blitz"]
[Site "Chess.com"]
[Date "2020.04.07"]
[Round "9"]
[White "Sibelephant"]
[Black "Anton_Demchenko"]
[Result "1-0"]
[WhiteElo "3148"]
[BlackElo "2952"]
[TimeControl "180+1"]
[EndTime "14:47:08 PDT"]
[Termination "Sibelephant won by resignation"]

1. Nf3 Nf6 2. g3 g6 3. Bg2 Bg7 4.
O-O O-O 5. d4 d6 6. Nc3 Nbd7 7.
a4 a5 8. e4 e5 9. Re1 b6 10. Be3 Bb7 11. Nd2 Re8 12. h3 h5 13.
Nc4 exd4 14. Bxd4 Ne5 15. Nd2 Rb8 16. Qe2 Nc6 17. Be3 Nb4 18. Qd1 d5 19. Bg5 dxe4 20. Ncxe4 Bxe4 21. Bxe4 Qd6 22. Qf3 Nd7 23. Bf4 Be5 24.
Nc4 Qc5 25. Nxe5 Nxe5 26. Qb3 Nc4 27. Rad1 Rbd8 28. c3 Rxd1 29. Qxd1 Nc6 30. Bg2 Rxe1+ 31. Qxe1 Nd6 32. Bxd6 Qxd6 33. Qe8+ 1-0

[Event "*** Titled Tuesday Blitz"]
[Site "Chess.com"]
[Date "2020.04.07"]
[Round "9"]
[White "Shahinyan_ChessMood"]
[Black "arminmusovic"]
[Result "1-0"]
[WhiteElo "2678"]
[BlackElo "2524"]
[TimeControl "180+1"]
[EndTime "14:47:09 PDT"]
[Termination "Shahinyan_ChessMood won by resignation"]

1. e4 c6 2. d4 d5 3. exd5 cxd5 4. Bd3 Nc6 5. c3 Nf6 6. Bf4 g6 7. Nf3 Bg7 8. h3 O-O 9. O-O Re8 10. Be2 Nd7 11. Nbd2 e5 12. dxe5 Ndxe5 13. Nxe5 Nxe5 14. Nf3 Nxf3+ 15. Bxf3 d4 16. cxd4 Bxd4 17. Qd2 Qf6 18. Rae1 Be6 19. Bg5 Qh8 20. Re4 Bf6 21. Bxf6 Qxf6 22.
Rfe1 Rad8 23. Qb4 h5 24. R4e2 b6 25. b3 Rd4 26. Qc3 Red8 27. Rd2 Bxh3 28. Re4 Rxe4 29. Qxf6 Re1+ 30. Kh2 Rxd2 31. Kxh3 Rxf2 32. Kh4 Re6 33. Qd8+ Kh7 34. Qd7 Kg8 35. Kg5 Re5+ 36. Kh6 Kf8 37. Qd6+ Re7 38. Qd4 1-0

[Event "*** Titled Tuesday Blitz"]
[Site "Chess.com"]
[Date "2020.04.07"]
[Round "9"]
[White "mattcolins2025"]
[Black "Borsuk_Konstantin"]
[Result "0-1"]
[WhiteElo "2284"]
[BlackElo "2468"]
[TimeControl "180+1"]
[EndTime "14:47:09 PDT"]
[Termination "Borsuk_Konstantin won by resignation"]

1. d4 Nf6 2. c4 e6 3. Nc3 Bb4 4. Qc2 c5 5. dxc5 Bxc5 6. Nf3 O-O 7. Bg5 Be7 8. e3 d6 9. Bd3 h6 10. Bh4 Nbd7 11. O-O a6 12. b4 b6 13. a3 Bb7 14.
Qe2 Rc8 15. Rac1 Qc7 16. Rfd1 Qb8 17. Bg3 Rfd8 18. h3 Qa8 19. e4 Qb8 20. Bb1 Ne5 21.
Na4 Bc6 22. Nc3 Ba8 23. Ba2 Rd7 24. Bb3 g5 25. Ba4 Rdd8 26. Bb3 Nh5 27. Bh2 Nf4 28. Bxf4 gxf4 29. Nxe5 dxe5 30. Qh5 Kg7 31. Qg4+ Kh7 32. Qh5 Kg7 33. Qg4+ Kh7 34. Qh5 Rf8 35. Rd7 Rce8 36. Rcd1 Bc6 37. R7d3 Rc8 38. b5 axb5 39. cxb5 Ba8 40.
Rd7 Rc7 41. Qxe5 Rxd7 42. Qh5 Rxd1+ 43. Bxd1 Bf6 44. Bc2 Qe5 45. Qg4 Rc8 46. Nd5 Bxd5 47. exd5+ Rxc2 0-1

[Event "*** Titled Tuesday Blitz"]
[Site "Chess.com"]
[Date "2020.04.07"]
[Round "9"]
[White "VinzentSpitzl"]
[Black "Playgood28"]
[Result "1-0"]
[WhiteElo "2340"]
[BlackElo "2228"]
[TimeControl "180+1"]
[EndTime "14:47:09 PDT"]
[Termination "VinzentSpitzl won by resignation"]

1. Nf3 f5 2. g3 d6 3. Bg2 Nf6 4. d4 g6 5. O-O Bg7 6. c4 O-O 7.
Nc3 c6 8. b3 Qc7 9. Bb2 a5 10.
Re1 Na6 11. e4 Nxe4 12. Nxe4 fxe4 13. Rxe4 Bf5 14. Re3 Nb4 15. Qe2 Rae8 16. Nh4 e5 17. Nxf5 gxf5 18. a3 Na6 19. Re1 e4 20. d5 cxd5 21.
Bxg7 Qxg7 22. cxd5 Nc5 23. Qb5 Qe5 24. Qxa5 Ra8 25.
Qb6 Rxa3 26. b4 Rxe3 27. fxe3 Nd3 28. Rf1 Ra8 29. Qxb7 Ra1 30. Qc8+ Kg7 31. Qe6 Rxf1+ 32. Bxf1 Qb2 33. Qxf5 Qxb4 34. Bxd3 Qe1+ 35. Bf1 Qxe3+ 36. Qf2 1-0

[Event "*** Titled Tuesday Blitz"]
[Site "Chess.com"]
[Date "2020.04.07"]
[Round "9"]
[White "AlanZhang"]
[Black "AyMitecK"]
[Result "0-1"]
[WhiteElo "2129"]
[BlackElo "2281"]
[TimeControl "180+1"]
[EndTime "14:47:09 PDT"]
[Termination "AyMitecK won by checkmate"]

1. e4 g6 2. d4 Bg7 3. Nc3 c6 4. Be3 d5 5. e5 Qb6 6. Rb1 Nd7 7.
f4 Nh6 8. Nf3 O-O 9. Qd2 Ng4 10.
Bd3 Nxe3 11. Qxe3 f6 12. O-O fxe5 13. fxe5 e6 14. Ne2 c5 15. c3 a5 16. Kh1 Qc7 17. Ng5 cxd4 18. cxd4 Rxf1+ 19. Rxf1 Nf8 20. Rf7 Qd8 21. Qf4 Bd7 22. h4 Rc8 23. h5 Bh6 24.
hxg6 Qxg5 25. gxh7+ Kh8 26. Qf3 Qh4+ 27. Kg1 Qg5 28. Nf4 Rc1+ 29. Kf2 Qh4+ 30. g3 Qh2+ 31. Ke3 Bxf4+ 32. Qxf4 Re1+ 33. Be2 Qxe2# 0-1

[Event "*** Titled Tuesday Blitz"]
[Site "Chess.com"]
[Date "2020.04.07"]
[Round "9"]
[White "RD4ever"]
[Black "GM-AndreyOrlov"]
[Result "1-0"]
[WhiteElo "2846"]
[BlackElo "2646"]
[TimeControl "180+1"]
[EndTime "14:47:10 PDT"]
[Termination "RD4ever won on time"]

1. e4 d6 2. d4 Nf6 3. Nc3 e5 4. Nf3 Nbd7 5. Bc4 Be7 6. a4 O-O 7. O-O c6 8. h3 a5 9. Re1 Nb6 10.
Ba2 Nfd7 11. dxe5 dxe5 12. Be3 Qc7 13. Ng5 Bxg5 14. Bxg5 Nc5 15. Be3 Ncxa4 16. Nxa4 Nxa4 17. Bb3 Nb6 18. Bc5 Rd8 19. Qf3 Be6 20. Bxe6 fxe6 21.
Qb3 Nd7 22. Qxe6+ Kh8 23. Bd6 Qc8 24. Rad1 Re8 25. Qf5 a4 26. Rd3 Nb6 27. Bxe5 Qxf5 28. exf5 Nc4 29. f4 Nxb2 30. Rd7 a3 31. Bxg7+ Kg8 32.
Rxe8+ Rxe8 33. f6 Re1+ 34. Kf2 a2 35. Bh6 Rf1+ 36. Kg3 Rxf4 37. Kxf4 Nd3+ 38. cxd3 1-0

[Event "*** Titled Tuesday Blitz"]
[Site "Chess.com"]
[Date "2020.04.07"]
[Round "9"]
[White "Zurability"]
[Black "Stameny"]
[Result "0-1"]
[WhiteElo "2655"]
[BlackElo "2565"]
[TimeControl "180+1"]
[EndTime "14:47:12 PDT"]
[Termination "Stameny won by resignation"]

1. Nf3 d5 2. g3 c6 3. Bg2 Nf6 4. O-O Bg4 5. d3 Nbd7 6. Nbd2 e5 7. h3 Bh5 8. e4 d4 9. Qe1 Bxf3 10. Nxf3 Bd6 11.
Nh4 O-O 12. f4 Re8 13. Nf5 Bf8 14. g4 exf4 15. Bxf4 Ne5 16. Qg3 Ng6 17. Bg5 Nxe4 18. Bxe4 Qxg5 19. h4 Qd8 20. h5 Ne5 21. g5 g6 22.
hxg6 hxg6 23. Nh6+ Bxh6 24. gxh6 Qd7 25. Rf5 Qe6 26. Raf1 Kh8 27. Rf6 Qe7 28. h7 Rad8 29. Qf4 Rd6 30. Qg5 Rxf6 31. Rxf6 Nd7 32. Rf5 gxf5 33.
Qxf5 Nf6 0-1

[Event "*** Titled Tuesday Blitz"]
[Site "Chess.com"]
[Date "2020.04.07"]
[Round "9"]
[White "Angel_Hranitel_37"]
[Black "Bathory44"]
[Result "0-1"]
[WhiteElo "2362"]
[BlackElo "2553"]
[TimeControl "180+1"]
[EndTime "14:47:12 PDT"]
[Termination "Bathory44 won on time"]

1. d4 Nf6 2. Nf3 g6 3. g3 Bg7 4. Bg2 O-O 5. O-O c5 6. Nc3 cxd4 7.
Nxd4 d5 8. Bg5 Nc6 9. Bxf6 Bxf6 10. e3 Nxd4 11. exd4 e6 12. Ne2 Qb6 13. Rb1 Bd7 14. c3 Qa6 15. a3 Bb5 16. Re1 Bxe2 17. Qxe2 Qxe2 18. Rxe2 b5 19. f4 a5 20. Bf1 Rab8 21.
Rc1 b4 22. axb4 axb4 23. Kf2 Rfc8 24. Ke3 bxc3 25. bxc3 Rb3 26. Rec2 g5 27. Bd3 h6 28. h3 Kg7 29. Ke2 Bd8 30. Kd2 Ba5 31. h4 gxh4 32.
gxh4 Kf6 33. Be2 Ke7 34. Kd3 Kd6 35. f5 exf5 36. Bh5 Rc7 37. Bf3 f4 38. h5 f5 39.
Kd2 Rc4 40. Kd3 Bb6 41. Ke2 Ba5 42. Kd3 Rc7 0-1

[Event "*** Titled Tuesday Blitz"]
[Site "Chess.com"]
[Date "2020.04.07"]
[Round "9"]
[White "AlleyOoper"]
[Black "Nastya_Rakhmangulova"]
[Result "1-0"]
[WhiteElo "2506"]
[BlackElo "2370"]
[TimeControl "180+1"]
[EndTime "14:47:12 PDT"]
[Termination "AlleyOoper won by checkmate"]

1. d4 d5 2. Bf4 Nf6 3. e3 c5 4. Nf3 e6 5. Nbd2 Nc6 6. c3 Bd6 7. Bg3 O-O 8. Bd3 b6 9. Qe2 Bb7 10. Rd1 Re8 11. e4 Be7 12. e5 Nh5 13. h4 Nxg3 14.
fxg3 cxd4 15. Nxd4 Qc7 16. N2f3 Nxd4 17. cxd4 h6 18. O-O Rf8 19. Ng5 hxg5 20. Qh5 g6 21. Bxg6 fxg6 22. Qxg6+ Kh8 23. Qh6+ Kg8 24. Qg6+ Kh8 25.
Qh6+ Kg8 26. hxg5 Ba6 27. Qxe6+ Kg7 28. Qh6+ Kg8 29. Qg6+ Kh8 30. Qh6+ Kg8 31. Qe6+ Kg7 32. Rf6 Bxf6 33. exf6+ Kg6 34. f7+ Kg7 35. Qf6+ Kh7 36.
Qh6# 1-0

[Event "*** Titled Tuesday Blitz"]
[Site "Chess.com"]
[Date "2020.04.07"]
[Round "9"]
[White "Nikolakis2014"]
[Black "wonderfultime"]
[Result "0-1"]
[WhiteElo "2705"]
[BlackElo "2952"]
[TimeControl "180+1"]
[EndTime "14:47:13 PDT"]
[Termination "wonderfultime won by resignation"]

1. Nf3 Nf6 2. c4 c6 3. d4 d5 4. Nc3 a6 5. Qc2 dxc4 6. e4 b5 7. Be2 e6 8. O-O Bb7 9. a4 Nbd7 10. Bg5 h6 11. Bh4 g5 12. Bg3 Be7 13. Ne5 Nxe5 14.
Bxe5 O-O 15. Rad1 Qb6 16. Kh1 Rad8 17. h4 c5 18. hxg5 hxg5 19. d5 exd5 20. exd5 Nxd5 21. Qf5 Qe6 22. Qxe6 fxe6 23. Bg4 Kf7 24. Rfe1 Rfe8 25. Kg1 Bf8 26. Ne4 Kg6 27. Ng3 Kh6 28. Ne4 Nf4 29.
Nf6 Nd3 30. Nxe8 Rxe8 31. Bf6 Nxe1 32. Rxe1 Bg7 33. Bxg7+ Kxg7 34. Rxe6 Rxe6 35. Bxe6 Kf6 36. Bg8 Ke5 37. f3 Kd4 38. Kf2 bxa4 39. g3 c3 40.
bxc3+ Kxc3 0-1

[Event "*** Titled Tuesday Blitz"]
[Site "Chess.com"]
[Date "2020.04.07"]
[Round "9"]
[White "harvsp123"]
[Black "Noukii"]
[Result "1-0"]
[WhiteElo "2578"]
[BlackElo "2740"]
[TimeControl "180+1"]
[EndTime "14:47:13 PDT"]
[Termination "harvsp123 won by resignation"]

1. e4 Nf6 2. e5 Nd5 3. d4 d6 4. Nf3 g6 5. Bc4 Nb6 6. Bb3 Bg7 7. Qe2 Nc6 8. h3 O-O 9. O-O Na5 10. Bg5 Nxb3 11. axb3 f6 12. exf6 exf6 13. Bf4 Re8 14. Qd2 g5 15. Bg3 d5 16. Nc3 c6 17. Rfe1 Bf5 18. Na4 Nxa4 19. Rxe8+ Qxe8 20. Re1 Qg6 21. bxa4 Re8 22. Rxe8+ Qxe8 23. Ne1 Bf8 24. h4 h6 25.
hxg5 hxg5 26. f3 Kf7 27. Nd3 b6 28. Qc3 Qd7 29. b4 Bxd3 30. Qxd3 f5 31. b5 c5 32. c3 c4 33. Qe2 Bd6 34. Bxd6 Qxd6 35. Kf2 Qh2 36.
Qc2 Kf6 37. Qe2 Kf7 38. Qc2 Qf4 39. g3 Qd6 40. Qxf5+ Ke8 41. Qxg5 Qa3 42. Qg8+ Ke7 43.
Qg7+ Ke8 44. Qe5+ Kf7 45. Qxd5+ 1-0

[Event "*** Titled Tuesday Blitz"]
[Site "Chess.com"]
[Date "2020.04.07"]
[Round "9"]
[White "vladimirdamjanovic"]
[Black "BakaPG"]
[Result "1-0"]
[WhiteElo "2545"]
[BlackElo "2666"]
[TimeControl "180+1"]
[EndTime "14:47:13 PDT"]
[Termination "vladimirdamjanovic won by resignation"]

1. d4 c5 2. d5 e5 3. e4 d6 4.
Nc3 Be7 5. Nf3 Nf6 6. Bb5+ Nbd7 7. a4 a6 8. Be2 O-O 9. O-O Ne8 10. Nd2 b6 11. Nc4 Rb8 12. b3 Bg5 13. Bb2 g6 14.
g3 Bh6 15. Qd3 Bg7 16. Bg4 Qg5 17. Bh3 f5 18. f3 h5 19. Kh1 h4 20. g4 b5 21. axb5 axb5 22. Na5 c4 23. Qe2 b4 24. Bc1 Qf6 25. g5 Qf7 26. Na4 cxb3 27. cxb3 Nc5 28. Nxc5 dxc5 29. Nc6 Rb6 30. Be3 Rxc6 31. dxc6 fxe4 32.
Bxc8 exf3 33. Qc4 Nd6 34. Be6 Nxc4 35. Bxf7+ Rxf7 36. bxc4 e4 37. Rad1 Rc7 38. Rd6 b3 39.
Bxc5 b2 40. Rd8+ Kf7 41. Rd7+ Ke6 42. Rxc7 Be5 43. Re7+ Kf5 44. Rxe5+ Kxe5 45. c7 1-0

[Event "*** Titled Tuesday Blitz"]
[Site "Chess.com"]
[Date "2020.04.07"]
[Round "9"]
[White "GMKrikor"]
[Black "King_of_the_wing"]
[Result "1-0"]
[WhiteElo "2748"]
[BlackElo "2071"]
[TimeControl "180+1"]
[EndTime "14:47:13 PDT"]
[Termination "GMKrikor won by resignation"]

1. e4 e6 2. d4 d5 3. Nd2 Nf6 4. e5 Nfd7 5. Ngf3 c5 6. c3 Nc6 7. Bd3 Be7 8. O-O O-O 9. Bc2 f6 10. exf6 Bxf6 11. Nb3 c4 12. Nbd2 Qe8 13. Re1 Qf7 14.
Nf1 Re8 15. Ng3 e5 16. dxe5 Ndxe5 17. Ng5 Bxg5 18. Bxg5 h6 19. Be3 Bg4 20. Qd2 Rad8 21. Bd4 Nxd4 22. Qxd4 h5 23. Rxe5 Rxe5 24. Qxe5 Re8 25.
Qd4 Qe6 26. h3 h4 27. Qxg4 hxg3 28. Qxe6+ Rxe6 29. Kf1 gxf2 30. Kxf2 Rf6+ 31. Ke2 1-0